 Dungeon Crawl Stone Soup version bcrawl-1.17.3 (webtiles) character file.

Game seed: 13375892589949021011

38 Ethylacetat the Sneak (level 3, -7/27 HPs)
             Began as a Demonspawn Archaeologist on Oct 19, 2019.
             Mangled by Crazy Yiuf
             ... wielding a +4 quarterstaff of chaos
              (8 damage)
             ... on level 2 of the Dungeon.
             The game lasted 00:02:37 (1591 turns).

Ethylacetat the Sneak (Demonspawn Archaeologist)    Turns: 1591, Time: 00:02:37

Health: -7/27      AC:  6    Str: 11    XL:     3   Next: 25%
Magic:  0/3        EV: 13    Int: 15    God:
Gold:   118        SH:  0    Dex: 12    Spells: 2/2 levels left

rFire    . . .     SeeInvis .   o - +0 long sword
rCold    . . .     Gourm    .   (no shield)
rNeg     . . .     Faith    .   b - +1 robe
rPois    +         Spirit   +   c - +1 hat
rElec    .         Reflect  .   (no cloak)
rCorr    .         Harm     .   (no gloves)
MR       .....                  d - +1 pair of boots
Stlth    ++........             (no amulet)
HPRegen  0.09/turn              h - ring of poison resistance
MPRegen  0.08/turn              (no ring)

@: studying Long Blades
A: spiny 1, magic shield
a: no special abilities


You were on level 2 of the Dungeon.
You were not hungry.

You visited 1 branch of the dungeon, and saw 2 of its levels.

You collected 118 gold pieces.

Inventory:

Hand Weapons
 a - a +0 whip
 o - a +0 long sword (weapon)
Armour
 b - a +1 robe (worn)
 c - a +1 hat (worn)
 d - a +1 pair of boots (worn)
 k - a +0 buckler
Jewellery
 h - a ring of poison resistance (left hand)
Scrolls
 i - a scroll of enchant armour {unknown}
 m - 3 scrolls of identify {unknown}
Potions
 j - 2 potions of lignification {unknown}
 l - a potion of berserk rage {unknown}
 n - a potion of brilliance {unknown}
Books
 e - a manual of Long Blades
Miscellaneous
 f - an ancient crate
Comestibles
 g - 5 rations {!d}
 p - 2 chunks of flesh


   Skills:
 + Level 1.9 Fighting
 * Level 0.9 Long Blades
 - Level 2.2 Maces & Flails
 - Level 2.6 Dodging
 - Level 3.0 Stealth


You had 2 spell levels left.
You didn't know any spells.
Your spell library was empty.

Dungeon Overview and Level Annotations

Branches:
Dungeon (2/12)

Altars:
Nemelex Xobeh
Trog

Annotations:
D:2 Crazy Yiuf


Innate Abilities, Weirdness & Mutations

You are partially covered in sharp spines.
When hurt, damage is shared between your health and your magic reserves.


Message History

You open the door.
Crazy Yiuf the Enlightened comes into view.
He is wielding a +4 quarterstaff of chaos and wearing a +1 cloak of magic resistance.
Crazy Yiuf says, "Paint!
Lay leg arga."
Found a mace.
Crazy Yiuf says, "Crazy?
Crazy!?
PORCUPINE!"
You barely miss Crazy Yiuf. Crazy Yiuf barely misses you.
You barely miss Crazy Yiuf.
Crazy Yiuf hits you with a +4 quarterstaff of chaos!
Crazy Yiuf barely misses you.
You hit Crazy Yiuf.
Crazy Yiuf is lightly wounded.
Crazy Yiuf hits you with a +4 quarterstaff of chaos.
You are electrocuted!
Ouch! That really hurt!
* * * LOW HITPOINT WARNING * * *
You hit Crazy Yiuf.
Crazy Yiuf is moderately wounded.
Crazy Yiuf is struck by your spines.
Crazy Yiuf hits you with a +4 quarterstaff of chaos!
You die...

# #[# ##..##
##.##
######.##
#....# ##.##
...<.#..##
#....# ##.#
##.......##
#...## ##.##
..........##
##.## #.##
#..).......#
#.## #.#
##........##
##.# #.#
#.......##
#.## #.#
###.##.##
##@# #.#
####....# #g#
#.# .....####
... #.#
........#
#...# #.#
###..##.#
#..)# #.#
#....##.#
##### #.####
#.#..##.#
#....#
#.#..##.# ###
####.#
#.#..##.###.#
#.#


You could see Crazy Yiuf.

Vanquished Creatures
  A worm (D:2)
  2 dart slugs (D:2)
  A ball python (D:1)
  3 giant cockroaches
  6 goblins
  5 hobgoblins
  3 kobolds (D:1)
  A quokka (D:2)
  3 bats
  5 rats (D:1)
30 creatures vanquished.

Notes
Turn   | Place    | Note
-------+----------+-------------------------------------------
     0 | D:1      | Ethylacetat the Demonspawn Archaeologist began the quest
                  | for the Orb.
     0 | D:1      | Reached XP level 1. HP: 15/15 MP: 1/1
    34 | D:1      | Reached skill level 1 in Maces & Flails
   158 | D:1      | Gained mutation: You are partially covered in sharp spines.
                  | [demonic ancestry]
   158 | D:1      | Reached XP level 2. HP: 20/21 MP: 2/2
  1055 | D:2      | Found a sparkling altar of Nemelex Xobeh.
  1174 | D:2      | Gained mutation: When hurt, damage is shared between your
                  | health and your magic reserves. [demonic ancestry]
  1174 | D:2      | Reached XP level 3. HP: 25/27 MP: 3/3
  1309 | D:2      | Found a bloodstained altar of Trog.
  1441 | D:2      | Found a runed door.
  1584 | D:2      | Noticed Crazy Yiuf
  1590 | D:2      | HP: 1/27 [Crazy Yiuf/+4 quarterstaff of chaos (14)]
  1591 | D:2      | Mangled by Crazy Yiuf

Skill      XL: |  1  2 |
---------------+-------+-----
Maces & Flails | 1 2 |  2.2
Fighting       | |  1.9
Long Blades    | |  0.9
Dodging        | |  2.6
Stealth        | |  3.0

Action                   || total
-------------------------++-------
Melee: Whip              ||    76
       Long sword        ||    16
 Stab: Sleeping          ||     4
  Eat: Chunk             ||     2
Armor: Robe              ||    15
Dodge: Dodged            ||    55
